 Dungeon Crawl Stone Soup version 0.31-a0-542-gdc2a67831c (webtiles) character file.

Game seed: 10943035318411955872

1696 JackS81 the Grappler (level 8, 0/111 HPs)
             Began as a Troll Shapeshifter on Aug 14, 2023.
             Was an Initiate of Okawaru.
             Slain by a gnoll
             ... wielding a +0 halberd
             ... led by a gnoll sergeant
              (4 damage)
             ... on level 7 of the Dungeon.
             The game lasted 00:14:07 (4350 turns).

JackS81 the Grappler (Troll Shapeshifter)           Turns: 4350, Time: 00:14:07

Health: 0/111      AC: 24    Str: 24    XL:     8   Next: 72%
Magic:  7/7        EV:  1    Int:  6    God:    Okawaru [......]
Gold:   355        SH:  0    Dex: 10    Spells: 7/7 levels left

rFire   . .          .
                       - Unarmed
rCold   . . .        (no shield)
rNeg    . . .        a - melded +0 animal skin
rPois   +            (helmet currently unavailable)
rElec   .            (cloak currently unavailable)
rCorr   .            (gloves unavailable)
SInv    .            (boots unavailable)
Will    +....        (no amulet)
Stlth   +            j - ring of willpower
HPRegen 1.18/turn    (no ring)
MPRegen 0.10/turn

%: no passive effects
@: tree-form, hasted, very quick
A: stationary, stasis, torment immunity, boosted hp, large, unfitting armour,
(claws 3), regeneration 1, (shaggy fur 1), (tough skin 1), (fangs 1), (horns 1),
wild magic 1, noise suppression
a: Renounce Religion


You were on level 7 of the Dungeon.
You worshipped Okawaru.
Okawaru was noncommittal.
You were a tree.
You visited 2 branches of the dungeon, and saw 8 of its levels.

You collected 355 gold pieces.

Inventory:

Hand Weapons
 f - a +0 orcbow
Missiles
 e - 71 stones
 i - 2 curare-tipped darts
 s - 3 datura-tipped darts
 u - 10 poisoned darts
Armour
 a - a +0 animal skin (melded)
 l - the +1 leather armour of Trial and Error {Harm Will++ rCorr Int-4}
   (You found it on level 2 of the Dungeon)

   Int-4:     It affects your intelligence (-4).
   Will++:    It greatly increases your willpower.
   rCorr:     It protects you from acid and corrosion.
   Harm:      It increases damage dealt and taken.
 C - a +2 cloak
Magical Staves
 E - a staff of earth
Jewellery
 j - a ring of willpower (left branch)
 x - an amulet of faith
 y - a ring of willpower
Talismans
 c - a beast talisman
 d - a flux talisman
Wands
 v - a wand of flame (16)
 w - a wand of quicksilver (9)
Scrolls
 g - a scroll of immolation {unknown}
 h - 2 scrolls of vulnerability {unknown}
 k - 2 scrolls of identify {unknown}
 m - a scroll of summoning {unknown}
 n - 2 scrolls of poison {unknown}
 p - 2 scrolls of torment {unknown}
 q - 2 scrolls of enchant weapon {unknown}
 z - 3 scrolls of fog {unknown}
 A - 2 scrolls of teleportation {unknown}
 B - 2 scrolls of noise {unknown}
Potions
 b - 2 potions of lignification
 o - a potion of haste
 r - 2 potions of enlightenment
 t - a potion of degeneration
 D - a potion of resistance {unknown}
 F - a potion of berserk rage


   Skills:
 + Level 2.7 Fighting
 - Level 1.5 Dodging
 + Level 9.0 Unarmed Combat
 * Level 6.2 Shapeshifting


You had 7 spell levels left.
You didn't know any spells.
Your spell library contained the following spells:

 Spells                   Type           Power      Damage    Failure   Level
 Magic Dart               Conj           0%         1d3       54%         1
 Scorch                   Fire           0%         2d5       67%         2
 Searing Ray              Conj           0%         2d4       67%         2
 Mephitic Cloud           Conj/Pois/Air  0%         N/A       88%         3
 Flame Wave               Conj/Fire      0%         2d4       99%         4
 Fulminant Prism          Conj/Hex       0%         3d5       99%         4
 Call Imp                 Summ           Unusable   N/A       N/A         2
 Summon Cactus Giant      Summ           Unusable   N/A       N/A         6

Dungeon Overview and Level Annotations

Branches:
Dungeon (7/15)             Temple (1/1) D:6

Altars:
Ashenzari
Cheibriados
Dithmenos
Elyvilon
Fedhas
Gozag
Hepliaklqana
Kikubaaqudgha
Makhleb
Nemelex Xobeh
Okawaru
Qazlal
Ru
Sif Muna
Trog
Uskayaw
Vehumet
Wu Jian
Xom
Yredelemnul
Zin
The Shining One


Innate Abilities, Weirdness & Mutations

You are a tree.
Your roots penetrate the ground, keeping you stationary.
You cannot be teleported.
You are immune to unholy pain and torment.
Your maximum health is greatly increased.
Your equipment is partially melded.
You are too large for most types of armour.
((You have claws for hands.))
Your natural rate of healing is unusually fast.
((You are covered in fur. (AC +1)))
((You have tough skin. (AC +1)))
((You have very sharp teeth.))
((You have a pair of small horns on your head.))
Your spells are a little harder to cast, but a little more powerful.
You passively dampen the noise of your surroundings.


Message History

Your Unarmed Combat skill increases to level 9!
Aiming: Throw Flame
Press: ? - help, Shift-Dir - straight line, f - gnoll sergeant
Aim: a gnoll sergeant, wielding a +0 trident, wearing a +0 scale mail and wearing a +0 buckler (77% to hit)
The puff of flame hits the gnoll sergeant.
The gnoll sergeant is moderately wounded.
Aiming: Throw Flame
Press: ? - help, Shift-Dir - straight line, f/p - gnoll sergeant
Aim: a gnoll sergeant, wielding a +0 trident, wearing a +0 scale mail and wearing a +0 buckler (moderately wounded, 77% to hit)
The puff of flame misses the gnoll sergeant.
The gnoll hits you but does no damage.
The gnoll sergeant hits you from afar with a +0 trident!
* * * LOW HITPOINT WARNING * * *
Aiming: Throw Flame
Press: ? - help, Shift-Dir - straight line, f/p - gnoll sergeant
Aim: a gnoll sergeant, wielding a +0 trident, wearing a +0 scale mail and wearing a +0 buckler (moderately wounded, 77% to hit)
The gnoll sergeant blocks the puff of flame.
The gnoll hits you but does no damage.
The gnoll sergeant hits you but does no damage.
Aiming: Throw Flame
Press: ? - help, Shift-Dir - straight line, f/p - gnoll sergeant
Aim: a gnoll sergeant, wielding a +0 trident, wearing a +0 scale mail and wearing a +0 buckler (moderately wounded, 77% to hit)
The puff of flame hits the gnoll sergeant but does no damage.
The gnoll sergeant is moderately wounded.
Aiming: Quicksilver Bolt
Press: ? - help, Shift-Dir - straight line, f/p - gnoll sergeant
Aim: a gnoll sergeant, wielding a +0 trident, wearing a +0 scale mail and wearing a +0 buckler (moderately wounded, 79% to hit)
The bolt of dispelling energy hits the gnoll sergeant.
The gnoll sergeant is heavily wounded.
The gnoll sergeant hits you from afar with a +0 trident!
* * * LOW HITPOINT WARNING * * *
The gnoll hits you but does no damage.
Aiming: Quicksilver Bolt
Press: ? - help, Shift-Dir - straight line, f/p - gnoll sergeant
Aim: a gnoll sergeant, wielding a +0 trident, wearing a +0 scale mail and wearing a +0 buckler (heavily wounded, 79% to hit)
The bolt of dispelling energy hits the gnoll sergeant!
You kill the gnoll sergeant!
Okawaru accepts your kill.
The gnoll hits you from afar with a +0 halberd.
You die...

#......# #......##
####........ ........#
........... #.......#
.......... #.......#
)g....... #.......#
#))...... #.......#
#####♣.......
#.......####..........##
#...........))........#
#.....<))....)........#
#..........).).###....#
#..............# ....#
#..............# ....#
########.......# ....#
#.......# ..#


You could see a gnoll.

Vanquished Creatures
  Sigmund (D:5)
  Eustachio (D:5)
  A water moccasin (D:6)
  A sky beast (D:6)
  2 black bears (D:6)
  A centaur (D:6)
  A phantom (D:5)
  Blork the orc (D:5)
  A bullfrog (D:6)
  A gnoll sergeant (D:7)
  4 scorpions
  A jelly (D:6)
  A hound (D:5)
  2 orc priests (D:7)
  2 iguanas (D:4)
  17 gnolls
  6 adders
  A white imp (D:7)
  An ufetubus (D:5)
  2 worms
  A dart slug (D:1)
  7 orcs
  4 ball pythons
  3 bats (D:1)
  6 endoplasms
  2 giant cockroaches (D:1)
  10 goblins
  6 hobgoblins
  4 jackals (D:1)
  7 quokkas
  5 frilled lizards
  8 kobolds
  6 rats
117 creatures vanquished.

Notes
Turn   | Place    | Note
-------+----------+-------------------------------------------
     0 | D:1      | JackS81 the Troll Shapeshifter began the quest for the Orb.
     0 | D:1      | Reached XP level 1. HP: 18/18 MP: 0/0
   189 | D:1      | Reached XP level 2. HP: 26/26 MP: 1/1
   357 | D:1      | Reached XP level 3. HP: 32/32 MP: 2/2
   878 | D:2      | Reached XP level 4. HP: 34/40 MP: 3/3
   924 | D:2      | Identified the +1 leather armour of Trial and Error {Harm
                  | Will++ rCorr Int-4}
  1683 | D:3      | Reached skill level 4 in Unarmed Combat
  2076 | D:4      | Reached XP level 5. HP: 20/46 MP: 4/4
  2302 | D:4      | Reached skill level 1 in Fighting
  2302 | D:4      | Reached skill level 5 in Unarmed Combat
  2361 | D:4      | Reached XP level 6. HP: 40/55 MP: 5/5
  2735 | D:5      | Entered Level 5 of the Dungeon
  2744 | D:5      | Noticed Blork the orc
  2755 | D:5      | Killed Blork the orc
  2785 | D:5      | Reached skill level 5 in Shapeshifting
  2844 | D:5      | Reached skill level 6 in Unarmed Combat
  2960 | D:5      | Reached XP level 7. HP: 62/62 MP: 6/6
  3079 | D:5      | Noticed Sigmund
  3098 | D:5      | Gained mutation: You passively dampen the noise of your
                  | surroundings. [potion of mutation]
  3098 | D:5      | Gained mutation: Your spells are a little harder to cast,
                  | but a little more powerful. [potion of mutation]
  3098 | D:5      | Gained mutation: You have very sharp teeth. [potion of
                  | mutation]
  3098 | D:5      | Gained mutation: You have a pair of small horns on your
                  | head. [potion of mutation]
  3101 | D:5      | Killed Sigmund
  3108 | D:5      | Found a burning altar of Makhleb.
  3251 | D:5      | Found a broken altar of Ashenzari.
  3251 | D:5      | Found a shimmering altar of Xom.
  3305 | D:5      | Noticed Eustachio
  3313 | D:5      | Killed Eustachio
  3314 | D:5      | Reached skill level 7 in Unarmed Combat
  3555 | D:6      | Reached XP level 8. HP: 15/72 MP: 7/7
  3597 | D:6      | Identified the +0 ring mail of Fashionability {*Slow rPois
                  | rN+++ Int+3}
  3658 | D:6      | Found a staircase to the Ecumenical Temple.
  3673 | Temple   | Entered the Ecumenical Temple
  3716 | Temple   | Became a worshipper of Warmaster Okawaru
  3823 | D:6      | Reached skill level 8 in Unarmed Combat
  4345 | D:7      | Reached skill level 9 in Unarmed Combat
  4349 | D:7      | HP: 3/111 [gnoll sergeant/+0 trident (9)]
  4350 | D:7      | Slain by a gnoll

Illustrated notes

Levels and vault maps discovered:
D:1:      dpeg_arrival_simpleton_b, layout_basic, serial_aquarium,
          aquarium_bridge_straight [aquarium_subvault_bridge,
          aquarium_subvault_window, aquarium_subvault_bridge,
          aquarium_subvault_window], aquarium_window_1, aquarium_window_1,
          aquarium_view_2a, aquarium_pool_corner, minmay_tetromino_i4
D:2:      layout_rooms, minmay_stone_trees_small, minmay_misc_feat_room,
          minmay_tiny_reverse_x
D:3:      layout_basic, nrook_uturn, dk_vineyard_2
D:4:      layout_basic, minmay_strange_pillars, serial_bayou_lagoon_b
D:5:      layout_gridville, gammafunk_temple_overflow_elements,
          overflow_temple_1_default, uniq_blork_the_orc, uniq_eustachio,
          uniq_sigmund
D:6:      layout_gridville, minmay_temple_entry_junction_2
D:7:      kennysheep_windowed_halls, layout_basic, serial_glass,
          glass_columns_b, glass_columns_a
Temple:   nicolae_temple_bog_church

Skill      XL: |  1  2  3  4  5  6  7  8 |
---------------+-------------------------+-----
Shapeshifting  | 4 5 6 |  6.2
Unarmed Combat | 4 5 6 7 9 |  9.0
Fighting       | 1 2 |  2.7
Dodging        | |  1.5

Action                     |  1- 3 |  4- 6 |  7- 9 || total
---------------------------+-------+-------+-------++-------
  Melee: Unarmed           |    89 |   104 |    59 ||   252
         Punch             |     1 |     2 |     1 ||     4
         Headbutt          |       |       |    12 ||    12
         Bite              |       |       |     3 ||     3
  Evoke: Wand              |       |     4 |     6 ||    10
    Use: Potion            |       |       |     7 ||     7
   Stab: Sleeping          |     2 |     1 |       ||     3
 Armour: Animal skin       |    33 |    17 |    14 ||    64
         Skin              |       |       |     8 ||     8
  Dodge: Dodged            |    42 |    44 |    33 ||   119

Table legend: (Time is in decaauts)
 A = Elapsed time spent in this place.
 B = Non-inter-level travel time spent in this place.
 C = Inter-level travel time spent in this place.
 D = Time resting spent in this place.
 E = Time spent auto-exploring this place.
 F = Levels seen in this place.
 G = Mean time per level.
                   A        B        C        D        E       F      G
               +--------+--------+--------+--------+--------+-----+--------+
         Total |   4315 |   4091 |    224 |     52 |   3154 |   8 |  539.4 |
       Dungeon |   4258 |   4076 |    182 |     52 |   3154 |   7 |  608.3 |
        Temple |     56 |     14 |     42 |      0 |      0 |   1 |   56.0 |
               +--------+--------+--------+--------+--------+-----+--------+

Top non-repeatable levels by time:
     D:1: 841 daAuts
     D:5: 763 daAuts
     D:3: 753 daAuts
     D:4: 722 daAuts
     D:6: 686 daAuts
     D:2: 405 daAuts
     D:7: 85 daAuts
  Temple: 56 daAuts
